 Dungeon Sprint DCSS version 0.30-a0-57-g8b159a9891 (webtiles) character file.

Game seed: 6288140855263216021

275 Conn the Arsonist (level 6, -16/36 HPs)
             Began as an Octopode Fire Elementalist on Sept 11, 2022.
             Was an Initiate of Sif Muna.
             Demolished by a tentacle (21 damage)
             ... attached to a kraken
             ... in the Dungeon (Sprint II: "The Violet Keep of Menkaure").
             The game lasted 00:03:01 (233 turns).

Conn the Arsonist (Octopode Fire Elementalist)       Turns: 233, Time: 00:03:10

Health: -16/36     AC:  3    Str:  7    XL:     6   Next: 24%
Magic:  13/13      EV: 14    Int: 20    God:    Sif Muna [......]
Gold:   306        SH:  0    Dex: 12    Spells: 2/15 levels left

rFire   . . .      SeeInvis .    v - +0 short sword
rCold   . . .      Faith    .    (no shield)
rNeg    . . .      Spirit   .    h - +2 hat
rPois   .          Reflect  .    (no amulet)
rElec   .          Harm     .    (no ring)
rCorr   .          Rampage  .    (no ring)
Will    .....      NoTele   +    (no ring)
Stlth   +++++.....               (no ring)
HPRegen 0.12/turn                (no ring)
MPRegen 0.13/turn                (no ring)
                                 (no ring)
                                 (no ring)

@: no status effects
A: almost no armour, amphibious, 8 rings, camouflage 1, gelatinous body 1,
nimble swimmer 1, tentacles
a: Renounce Religion


You were in the Dungeon.
You worshipped Sif Muna.
Sif Muna was noncommittal.
You visited 1 branch You collected 306 gold pieces.

Inventory:

Hand Weapons
 v - a +0 short sword (weapon)
Missiles
 k - a throwing net
 w - 8 poisoned darts
Armour
 h - a +2 hat (worn)
Scrolls
 d - 2 scrolls of poison {unknown}
 f - 2 scrolls of blinking
 j - a scroll of enchant weapon
 p - a scroll of magic mapping
 r - a scroll of vulnerability {unknown}
 s - a scroll of torment {unknown}
 t - a scroll of summoning {unknown}
 u - a scroll of amnesia {unknown}
Potions
 a - 6 potions of magic
 b - a potion of curing
 c - a potion of heal wounds
 e - 3 potions of mutation {unknown}
 g - 5 potions of flight {unknown}
 i - 3 potions of resistance {unknown}
 l - a potion of degeneration {unknown}
 n - a potion of haste
 q - a potion of might {unknown}


   Skills:
 + Level 4.5 Dodging
 + Level 5.9 Stealth
 + Level 5.0 Spellcasting
 * Level 5.6 Conjurations
 + Level 8.8 Fire Magic


You had 2 spell levels left.
You knew the following spells:

 Your Spells              Type           Power      Damage    Failure   Level
a - Foxfire               Conj/Fire      100%       2x1d9     1%          1
b - Conjure Flame         Conj/Fire      34%        6-21      1%          3
c - Inner Flame           Hex/Fire       22%        N/A       5%          3
d - Flame Wave            Conj/Fire      34%        2d10      6%          4
e - Scorch                Fire           80%        2d9       1%          2

Your spell library contained the following spells:

 Spells                   Type           Power      Damage    Failure   Level
 Call Canine Familiar     Summ           5%         N/A       34%         3
 Portal Projectile        Hex/Tloc       10%        N/A       34%         3
 Leda's Liquefaction      Hex/Erth       2%         N/A       75%         4


Dungeon Overview and Level Annotations

Branches:
Dungeon (1/1)

Altars:
Cheibriados
Dithmenos
Elyvilon
Fedhas
Gozag
Hepliaklqana
Kikubaaqudgha
Makhleb
Nemelex Xobeh
Okawaru
Qazlal
Ru
Sif Muna
Trog
Uskayaw
Vehumet
Wu Jian
Xom
Yredelemnul
Zin
The Shining One
Jiyva
Lugonu


Innate Abilities, Weirdness & Mutations

You cannot wear most types of armour.
You are amphibious.
You can wear up to eight rings at the same time.
Your skin changes colour to match your surroundings (Stealth+).
Your rubbery body absorbs attacks. (AC +1, EV +1)
You are camouflaged when in or above water. (Stealth+)
You have tentacles for arms and can constrict up to eight enemies at once.


Message History

You see here a +0 dagger.
You see here a +0 spear.
You see here a +0 sling.
You see here a +0 spear.
You see here a +0 dagger.
You see here a +0 short sword.
v - a +0 short sword
v - a +0 short sword (weapon)
You see here a +0 mace.
You see here a +0 spear.
You see here 5 poisoned darts.
w - 5 poisoned darts You see here 3 stones.
You see here a +0 spear.
w - 8 poisoned darts (gained 3)
You see here a +2 pair of boots.
Okay, then.
As you read the scroll labelled LIYGAI CAQUCI, it crumbles to dust.
It is a scroll of identify.
m - a scroll of fear
As you read the scroll of identify, it crumbles to dust.
j - a scroll of enchant weapon
As you read the scroll of identify, it crumbles to dust.
p - a scroll of magic mapping You see here a +0 chain mail.
You open the door.
There is an open door here.
Tentacles burst out of the water! 2 tentacles come into view.
The tentacle slaps you! The tentacle slaps you!
* * * LOW HITPOINT WARNING * * *
As you read the scroll of fear, it crumbles to dust.
You assume a fearsome visage.
The tentacle is unaffected. x4
The tentacle segment is unaffected.
The kraken easily resists.
The tentacle segment is unaffected. x2; The tentacle slaps you.
* * * LOW HITPOINT WARNING * * *
The tentacle slaps you!!
Ouch! That really hurt!
You die...

#)°▓......(.▓▓ ##
+.####}"▓.)[[).(.▓▓ .#
...####▓[[)..)..▓▓ .##
#..# #▓[[....))▓▓ ..# +..#
#▓..(.....▓▓ ..# #..#
#▓[....[..▓▓
..####.^####▓([[)(.[.▓▓
....###.^.##▓▓▓▓▓▓▓Λ▓▓▓▓+▓
†.....~~~~~~~~~~@w~.\wX≈≈▓
~.....~#'########+###Vww≈▓
~~~~..~#_._._...#~§§##≈≈≈▓
§§~~~.~#._._._._#§§§≈####▓
§§~§§~~#_._._._.#~~§~≈#
≈§≈≈§~§#._._._._#§§~§§≈
§≈≈§§≈~#.._._._.#S§~~~≈
≈≈###≈≈#..._._._#~~§§≈S ≈§
#§≈#...._._.#~§≈≈


You could see a kraken, 4 tentacles and a water moccasin (wandering).

Vanquished Creatures
  A water moccasin (D)
  4 scorpions (D)
5 creatures vanquished.

Vanquished Creatures (others)
  4 foxfires (D)
4 creatures vanquished.

Grand Total: 9 creatures vanquished

Notes
Turn   | Place    | Note
-------+----------+-------------------------------------------
     0 | D        | Conn the Octopode Fire Elementalist began the quest for the
                  | Orb.
     0 | D        | Reached XP level 1. HP: 11/11 MP: 3/3
     1 | D        | Noticed a scorpion
     1 | D        | Noticed a scorpion
     1 | D        | Noticed a scorpion
     1 | D        | Noticed a scorpion
     8 | D        | Killed a scorpion
     9 | D        | Reached skill level 5 in Fire Magic
     9 | D        | Reached XP level 2. HP: 17/17 MP: 1/6
     9 | D        | Reached XP level 3. HP: 21/21 MP: 1/7
     9 | D        | Reached XP level 4. HP: 27/27 MP: 1/9
    11 | D        | Killed a scorpion
    12 | D        | Reached skill level 6 in Fire Magic
    12 | D        | Reached XP level 5. HP: 31/31 MP: 1/10
    15 | D        | Reached skill level 5 in Stealth
    15 | D        | Reached skill level 7 in Fire Magic
    21 | D        | Reached skill level 5 in Conjurations
    21 | D        | Reached skill level 8 in Fire Magic
    21 | D        | Reached XP level 6. HP: 24/36 MP: 2/13
    29 | D        | Learned a level 2 spell: Scorch
    33 | D        | Learned a level 3 spell: Conjure Flame
    37 | D        | Learned a level 3 spell: Inner Flame
    42 | D        | Learned a level 4 spell: Flame Wave
    48 | D        | Noticed a wyvern
    48 | D        | Noticed a wyvern
    56 | D        | Noticed a water moccasin
    59 | D        | Killed a water moccasin
    60 | D        | Reached skill level 5 in Spellcasting
    60 | D        | Found an iron altar of Okawaru.
    60 | D        | Found an opulent altar of Gozag.
    61 | D        | Found a sparkling altar of Nemelex Xobeh.
    61 | D        | Found a blossoming altar of Fedhas.
    62 | D        | Found a radiant altar of Vehumet.
    62 | D        | Found a burning altar of Makhleb.
    62 | D        | Found a white marble altar of Elyvilon.
    63 | D        | Found a hide-covered altar of Uskayaw.
    63 | D        | Found a corrupted altar of Lugonu.
    63 | D        | Found a shadowy altar of Dithmenos.
    64 | D        | Found a glowing silver altar of Zin.
    64 | D        | Found a bloodstained altar of Trog.
    64 | D        | Found an ancient bone altar of Kikubaaqudgha.
    65 | D        | Found a basalt altar of Yredelemnul.
    65 | D        | Found a shimmering blue altar of Sif Muna.
    65 | D        | Found a viscous altar of Jiyva.
    66 | D        | Found a shimmering altar of Xom.
    66 | D        | Found a sacrificial altar of Ru.
    68 | D        | Found a glowing golden altar of the Shining One.
    68 | D        | Found an ornate altar of the Wu Jian Council.
    68 | D        | Found a stormy altar of Qazlal.
    68 | D        | Found a snail-covered altar of Cheibriados.
    68 | D        | Found a hazy altar of Hepliaklqana.
    71 | D        | Noticed a water moccasin
    73 | D        | Noticed a water moccasin
    74 | D        | Became a worshipper of Sif Muna the Loreminder
    86 | D        | Noticed a water moccasin
    87 | D        | Noticed a kraken
   233 | D        | Demolished by a tentacle

Illustrated notes

Levels and vault maps discovered:
D:        the_violet_keep_of_menkaure [sprint2_stairs_cluster_1,
          sprint2_shoproom, sprint2_temple, sprint2_basic_supplies,
          sprint2_obstacle_1, sprint2_obstacle_7, sprint2_obstacle_3,
          sprint2_obstacle_5, sprint2_obstacle_4, sprint2_timed_cluster_1,
          sprint2_smallroom_cluster_1, sprint2_smallroom_final_cluster_1,
          sprint2_transparent_cluster_1, sprint2_second_timed_cluster_1,
          sprint2_sniper_area_1, sprint2_heavy_combat_area_1,
          sprint2_mutation_trap_area_1, sprint2_forest_area_1,
          sprint2_light_combat_area_1, sprint2_behind_water_1,
          sprint2_near_end_vault_1]

Skill      XL: |  1  2  3  4  5  6 |
---------------+-------------------+-----
Dodging        | 3 4 |  4.5
Stealth        | 4 5 |  5.9
Spellcasting   | 3 4 5 |  5.0
Conjurations   | 3 4 5 |  5.6
Fire Magic     | 5 6 8 |  8.8

Action                   |  1- 3 |  4- 6 || total
-------------------------+-------+-------++-------
Melee: Unarmed           |     2 |     9 ||    11
       Tentacles         |     1 |     3 ||     4
       Constrict         |     1 |     2 ||     3
 Cast: Foxfire           |     2 |       ||     2
       Scorch            |       |     2 ||     2
  Use: Potion            |     2 |       ||     2
       Scroll            |       |     4 ||     4
Dodge: Dodged            |     1 |     3 ||     4

Table legend: (Time is in decaauts)
 A = Elapsed time spent in this place.
 B = Non-inter-level travel time spent in this place.
 C = Inter-level travel time spent in this place.
 D = Time resting spent in this place.
 E = Time spent auto-exploring this place.
 F = Levels seen in this place.
 G = Mean time per level.
                   A        B        C        D        E       F      G
               +--------+--------+--------+--------+--------+-----+--------+
         Total |    223 |    223 |      0 |      0 |      0 |   1 |  223.0 |
       Dungeon |    223 |    223 |      0 |      0 |      0 |   1 |  223.0 |
               +--------+--------+--------+--------+--------+-----+--------+

Top non-repeatable levels by time:
       D: 223 daAuts
